 Dungeon Crawl Stone Soup version 0.32-a0-876-gcfddb08e57 (webtiles) character file.

Game seed: 12385174618993047835

355 TacoSundae the Ruffian (level 6, -7/48 HPs)
             Began as a Draconian Shapeshifter on Apr 1, 2024.
             Mangled by a wyvern (14 damage)
             ... on level 4 of the Dungeon.
             The game lasted 00:08:43 (2603 turns).

TacoSundae the Ruffian (Draconian Shapeshifter)     Turns: 2603, Time: 00:08:44

Health: -7/48      AC:  6    Str: 16    XL:     6   Next: 36%
Magic:  6/6        EV: 11    Int: 11    God:
Gold:   79         SH:  0    Dex: 12    Spells: 5/5 levels left

rFire   . .          .
                       - Unarmed
rCold   . . .        (no shield)
rNeg    . . .        (body armour unavailable)
rPois   .            (helmet currently unavailable)
rElec   .            (cloak currently unavailable)
rCorr   +            (gloves currently unavailable)
SInv    .            (boots currently unavailable)
Will    .....        (no amulet)
Stlth   +            j - ring of resist corrosion
HPRegen 0.28/turn    (no ring)
MPRegen 0.10/turn

%: no passive effects
@: beast-form, hasted, very quick
A: beast (slay +2), AC +6, unfitting armour, cold-blooded
a: Begin Untransformation


You were on level 4 of the Dungeon.
You were a hulking beast.
You visited 1 branch of the dungeon, and saw 4 of its levels.

You collected 79 gold pieces.

Inventory:

Hand Weapons
 i - a +3 dagger of venom
Missiles
 e - 2 throwing nets (quivered)
Armour
 l - a +1 pair of gloves
 m - an orb of mayhem
Magical Staves
 n - a staff of death
Jewellery
 j - a ring of resist corrosion (left hand)
Talismans
 b - a beast talisman (active)
 c - a flux talisman
Scrolls
 o - a scroll of identify
Potions
 a - 2 potions of lignification
 d - a potion of haste
 f - a potion of berserk rage {unknown}
 g - a potion of ambrosia
 h - a potion of curing {unknown}
 k - a potion of heal wounds {unknown}


   Skills:
 - Level 2.0 Fighting
 - Level 2.2 Dodging
 * Level 5.8 Unarmed Combat
 + Level 4.3 Shapeshifting


You had 5 spell levels left.
You didn't know any spells.
Your spell library contained the following spells:

 Spells                   Type           Power      Damage    Failure   Level
 Necrotise                Necr           0%         1d4       34%         1
 Blink                    Tloc           0%         N/A       47%         2
 Ensorcelled Hibernation  Hex/Ice        0%         N/A       47%         2
 Lesser Beckoning         Tloc           0%         N/A       47%         2
 Momentum Strike          Conj/Tloc      0%         3d8       47%         2
 Dazzling Flash           Conj/Hex       0%         N/A       71%         3
 Fugue of the Fallen      Necr           0%         N/A       71%         3
 Mephitic Cloud           Conj/Alch/Air  0%         N/A       71%         3
 Summon Ice Beast         Ice/Summ       0%         N/A       71%         3
 Teleport Other           Tloc           0%         N/A       71%         3
 Vampiric Draining        Necr           0%         2d6       71%         3
 Anguish                  Hex/Necr       0%         N/A       98%         4
 Martyr's Knell           Necr/Summ      0%         N/A       98%         4
 Maxwell's Portable Pile  Tloc           0%         2d(5-10)  98%         4
 Curse of Agony           Necr           0%         N/A       100%        5
 Silence                  Hex/Air        0%         N/A       100%        5
 Summon Mana Viper        Hex/Summ       0%         N/A       100%        5
 Monstrous Menagerie      Summ           0%         N/A       100%        7


Dungeon Overview and Level Annotations

Branches:
Dungeon (4/15)
 Temple: D:4-7

Altars:


Innate Abilities, Weirdness & Mutations

You are a hulking beast.
Your limbs bulge with bestial killing power. (Slay +2)
Your plain brown scales are hard. (AC +6)
You cannot fit into any form of body armour.
You are cold-blooded and may be slowed by cold attacks.


Message History

Eustachio gestures wildly while chanting.
You closely miss Eustachio.
Eustachio is almost dead.
Eustachio hits you with a +0 falchion.
You hit Eustachio.
You kill Eustachio!
The quasit disappears in a puff of smoke!
The crimson imp disappears in a puff of smoke!
The wyvern bites you.
You have reached level 6!
Your scales feel tougher.
You hit the wyvern but do no damage.
You tail-slap the wyvern, but do no damage.
The wyvern misses you.
You punch the wyvern!
The wyvern is moderately wounded.
The wyvern barely misses you.
You hit the wyvern but do no damage.
The wyvern is moderately wounded.
The wyvern bites you! x2
You punch the wyvern!
The wyvern is heavily wounded.
The wyvern closely misses you.
You hit the wyvern but do no damage.
The wyvern is heavily wounded.
The wyvern barely misses you.
You closely miss the wyvern.
The wyvern is heavily wounded.
The wyvern misses you. The wyvern bites you!
* * * LOW HITPOINT WARNING * * *
You feel yourself speed up. The wyvern misses you.
You hit the wyvern.
You tail-slap the wyvern, but do no damage.
The wyvern is heavily wounded.
The wyvern bites you.
* * * LOW HITPOINT WARNING * * *
You barely miss the wyvern.
The wyvern is heavily wounded.
The wyvern bites you!
You die...

## ..# ...#
#+###+###+# #....
....#.....##.....
.................
................
.........k......
##########...h##.r..#
#.......##....# ..#
#..........<..# .
#..........)..#
#<............#
#.......###+###
#########


You could see a wyvern.

Vanquished Creatures
  Eustachio (D:4)
  Crazy Yiuf (D:2)
  A sleepcap (D:2)
  3 gnolls (D:4)
  6 adders
  2 dart slugs
  A ribbon worm (D:3)
  11 orcs
  4 ball pythons
  5 endoplasms
  2 giant cockroaches
  5 hobgoblins
  3 quokkas
  5 bats
  A frilled lizard (D:2)
  6 goblins
  4 kobolds
  9 rats
70 creatures vanquished.

Notes
Turn   | Place    | Note
-------+----------+-------------------------------------------
     0 | D:1      | TacoSundae the Draconian Shapeshifter began the quest for
                  | the Orb.
     0 | D:1      | Reached XP level 1. HP: 16/16 MP: 1/1
   266 | D:1      | Reached XP level 2. HP: 23/23 MP: 2/2
   711 | D:2      | Reached XP level 3. HP: 26/29 MP: 3/3
   725 | D:2      | Found a faded altar of an unknown god.
   929 | D:2      | Found a runed translucent door.
   930 | D:2      | Noticed Crazy Yiuf
  1236 | D:2      | Reached skill level 4 in Unarmed Combat
  1236 | D:2      | Reached XP level 4. HP: 36/36 MP: 4/4
  1531 | D:2      | Killed Crazy Yiuf
  1700 | D:3      | Reached XP level 5. HP: 29/41 MP: 5/5
  2377 | D:3      | Reached skill level 5 in Unarmed Combat
  2447 | D:4      | Noticed a wyvern
  2466 | D:4      | Noticed Eustachio
  2594 | D:4      | Killed Eustachio
  2595 | D:4      | Reached XP level 6. HP: 42/48 MP: 6/6
  2603 | D:4      | Mangled by a wyvern

Illustrated notes

Levels and vault maps discovered:
D:1:      dpeg_arrival_rooms_with_view, layout_basic,
          minmay_misc_feat_more_columns
D:2:      layout_loops_cross, chequers_ecumenical_altar_simple,
          uniq_crazy_yiuf_cottage
D:3:      layout_loops_ring, chequers_arboretum
D:4:      layout_gridville, mainiacjoe_overflow_24_doors, uniq_eustachio,
          uniq_sigmund

Skill      XL: |  1  2  3  4  5 |
---------------+----------------+-----
Dodging        | 2 |  2.2
Fighting       | 2 |  2.0
Unarmed Combat | 4 5 |  5.8
Shapeshifting  | 4 |  4.3

Action                     |  1- 3 |  4- 6 || total
---------------------------+-------+-------++-------
  Melee: Unarmed           |   109 |   101 ||   210
         Tailslap          |     7 |    15 ||    22
         Punch             |     2 |     1 ||     3
    Use: Scroll            |     5 |       ||     5
         Potion            |       |     1 ||     1
   Stab: Distracted        |       |     1 ||     1
 Armour: Skin              |    75 |    54 ||   129
  Dodge: Dodged            |    64 |    45 ||   109

Table legend: (Time is in decaauts)
 A = Elapsed time spent in this place.
 B = Non-inter-level travel time spent in this place.
 C = Inter-level travel time spent in this place.
 D = Time resting spent in this place.
 E = Time spent auto-exploring this place.
 F = Levels seen in this place.
 G = Mean time per level.
                   A        B        C        D        E       F      G
               +--------+--------+--------+--------+--------+-----+--------+
         Total |   2589 |   2465 |    124 |     56 |   1678 |   4 |  647.2 |
       Dungeon |   2589 |   2465 |    124 |     56 |   1678 |   4 |  647.2 |
               +--------+--------+--------+--------+--------+-----+--------+

Top non-repeatable levels by time:
     D:2: 943 daAuts
     D:3: 878 daAuts
     D:1: 698 daAuts
     D:4: 69 daAuts
